 Dungeon Crawl Stone Soup version 0.30-a0-715-gdb4ae3ece1 (webtiles) character file.

Game seed: 7054654569826004637

100 bande the Trooper (level 4, -1/29 HPs)
             Began as a Gargoyle Fighter on Jan 25, 2023.
             Frozen to death by an endoplasm (3 damage)
             ... on level 3 of the Dungeon.
             The game lasted 00:04:09 (1284 turns).

bande the Trooper (Gargoyle Fighter)                Turns: 1284, Time: 00:04:10

Health: -1/29      AC: 10    Str: 19    XL:     4   Next: 73%
Magic:  4/4        EV:  9    Int:  9    God:
Gold:   61         SH:  5    Dex: 17    Spells: 3/3 levels left

rFire   . . .      SeeInvis .    a - +0 war axe
rCold   . . .      Faith    .    c - +0 buckler
rNeg    + . .      Spirit   .    b - +0 scale mail
rPois   ∞          Reflect  .    (no helmet)
rElec   +          Harm     .    (no cloak)
rCorr   .          Rampage  .    (no gloves)
Will    .....                    (no boots) Stlth
                                 (no amulet)
HPRegen 0.24/turn                m - +6 ring of dexterity
MPRegen 0.09/turn                (no ring)

@: no status effects
A: sickness immunity, AC +3, negative energy resistance 1, electricity
resistance, torment resistance 1, petrification resistance
a: no special abilities


You were on level 3 of the Dungeon.
You visited 1 branch of the dungeon, and saw 3 of its levels.

You collected 61 gold pieces.

Inventory:

Hand Weapons
 a - a +0 war axe (weapon)
Armour
 b - a +0 scale mail (worn)
 c - a +0 buckler (worn)
Jewellery
 i - a ring of magical power
 m - a +6 ring of dexterity (left hand)
 o - a ring of magical power
Scrolls
 e - a scroll of blinking {unknown}
 f - a scroll of fog {unknown}
 g - 3 scrolls of identify {unknown}
 k - 2 scrolls of teleportation {unknown}
 l - a scroll of enchant weapon {unknown}
 n - a scroll of magic mapping {unknown}
 p - a scroll of amnesia {unknown}
 q - a scroll of torment {unknown}
 r - a scroll of butterflies {unknown}
Potions
 d - 2 potions of might
 h - a potion of haste {unknown}
 j - a potion of flight {unknown}


   Skills:
 + Level 4.1 Fighting
 + Level 3.2 Axes
 + Level 3.6 Armour
 - Level 0.1 Dodging
 + Level 3.7 Shields


You had 3 spell levels left.
You didn't know any spells.
Your spell library contained the following spells:

 Spells                   Type           Power      Damage    Failure   Level
 Hailstorm                Conj/Ice       0%         3d3       99%         3
 Ice Form                 Ice/Tmut       0%         N/A       100%        4
 Summon Forest            Summ/Tloc      0%         N/A       100%        5
 Conjure Ball Lightning   Conj/Air       0%         3x3d6     100%        6
 Eringya's Noxious Bog    Tmut/Pois      0%         N/A       100%        6
 Simulacrum               Ice/Necr       0%         N/A       100%        6
 Summon Hydra             Summ           0%         N/A       100%        7
 Discord                  Hex            0%         N/A       100%        8
 Disjunction              Tloc           0%         N/A       100%        8


Dungeon Overview and Level Annotations

Branches:
Dungeon (3/15)

Altars:

Shops:
D:2 :

Annotations:
D:3 Robin


Innate Abilities, Weirdness & Mutations

You are immune to sickness and miasma.
Your stone body is resilient. (AC +3)
You are immune to poison.
You resist negative energy. (rN+)
You are resistant to electric shocks. (rElec)
You are resistant to unholy torment.
You are immune to petrification.


Message History

Ijyb hits you with a +0 dagger. The goblin hits you with a +0 dagger.
You block the hobgoblin's attack.
Your Axes skill increases to level 3!
Unknown command.
You hit Robin.
Robin is moderately wounded.
You hit the endoplasm but do no damage. You closely miss Ijyb.
You closely miss the goblin. You hit the hobgoblin. You slash the adder!
You kill the adder!
Ijyb barely misses you. The goblin barely misses you.
The endoplasm barely misses you. Robin closely misses you.
The hobgoblin barely misses you.
Unknown command.
You hit Robin.
Robin is heavily wounded.
You hit the endoplasm. You hit Ijyb. You hit the goblin.
You kill the goblin!
You hit the hobgoblin.
You kill the hobgoblin!
You slash the ball python!
You kill the ball python!
Ijyb zaps a wand.
The puff of flame hits you but does no damage.
The endoplasm freezes you.
You are frozen.
The endoplasm barely misses you. Ijyb screams, "I no like you!"
Ijyb barely misses you.
Unknown command.
You slash the hobgoblin!
You kill the hobgoblin!
You closely miss Robin. You hit the endoplasm. You slash Ijyb!
You kill Ijyb!
Robin hits you with a +0 heavy mace!
* * * LOW HITPOINT WARNING * * *
The endoplasm misses you.
Your Fighting skill increases to level 4!
Robin barely misses you. The endoplasm freezes you.
You are frozen.
You die...

#.# ##.########
######.........#
......<.######.#
#######.# #.#
#.# #.###### #.#
#......# #.#
#)####.#### #.#
#).@......# #.#
#.gJ......# #.#
#.........# #.#
...........#
###.........#
#.........#
......^.?.#
##.........#


You could see Robin and an endoplasm.

Vanquished Creatures
  Ijyb (D:3)
  3 adders
  A worm (D:2)
  A dart slug (D:1)
  2 giant cockroaches (D:1)
  5 goblins
  9 hobgoblins
  A quokka (D:1)
  3 ball pythons
  3 bats (D:1)
  A frilled lizard (D:2)
  8 kobolds
  6 rats
44 creatures vanquished.

Vanquished Creatures (others)
  5 toadstools (D:1)
5 creatures vanquished.

Grand Total: 49 creatures vanquished

Notes
Turn   | Place    | Note
-------+----------+-------------------------------------------
     0 | D:1      | bande the Gargoyle Fighter began the quest for the Orb.
     0 | D:1      | Reached XP level 1. HP: 14/14 MP: 1/1
   197 | D:1      | Reached XP level 2. HP: 19/19 MP: 2/2
   519 | D:1      | Reached XP level 3. HP: 21/23 MP: 3/3
   728 | D:2      | Found Reetih's Book Shoppe.
   895 | D:2      | Found a faded altar of an unknown god.
  1076 | D:2      | Identified the +1 ring mail of the Watchman {Str+2}
  1082 | D:2      | Identified the +8 rapier of Yredelemnul's Whim {elec,
                  | Str+3}
  1273 | D:3      | Noticed Ijyb
  1273 | D:3      | Noticed Robin
  1279 | D:3      | Reached XP level 4. HP: 20/28 MP: 4/4
  1283 | D:3      | Killed Ijyb
  1284 | D:3      | Reached skill level 4 in Fighting
  1284 | D:3      | Frozen to death by an endoplasm

Illustrated notes

Levels and vault maps discovered:
D:1:      ldierk_walled_garden, layout_loops_ring
D:2:      layout_rooms, serial_shops, nicolae_shop_crystal,
          hellmonk_ecumenical_altar_zigzags
D:3:      layout_loops_ring, mainiacjoe_overflow_six_doors_small,
          pdpol_wu_jian_five_deadly_venoms, nicolae_goblin_pals

Skill      XL: |  1  2  3  4 |
---------------+-------------+-----
Axes           | 2 3 |  3.2
Fighting       | 4 |  4.1
Armour         | |  3.6
Dodging        | |  0.1
Shields        | |  3.7

Action                     |  1- 3 |  4- 6 || total
---------------------------+-------+-------++-------
  Melee: War axe           |   105 |     5 ||   110
 Armour: Scale mail        |    68 |     8 ||    76
  Dodge: Dodged            |    63 |    11 ||    74
  Block: Buckler           |    29 |     2 ||    31

Table legend: (Time is in decaauts)
 A = Elapsed time spent in this place.
 B = Non-inter-level travel time spent in this place.
 C = Inter-level travel time spent in this place.
 D = Time resting spent in this place.
 E = Time spent auto-exploring this place.
 F = Levels seen in this place.
 G = Mean time per level.
                   A        B        C        D        E       F      G
               +--------+--------+--------+--------+--------+-----+--------+
         Total |   1329 |   1318 |     11 |      0 |    992 |   3 |  443.0 |
       Dungeon |   1329 |   1318 |     11 |      0 |    992 |   3 |  443.0 |
               +--------+--------+--------+--------+--------+-----+--------+

Top non-repeatable levels by time:
     D:1: 741 daAuts
     D:2: 558 daAuts
     D:3: 29 daAuts
